AoeStats
← Smiley

Nomad

510152259Analyzed
2v2 RM · 3d ago on Sep 29, 2026· 39m 37s· 4 players
Game mode
Random Map
Map size
176×176
Population
200
Speed
Normal
Resources
Standard
Victory
Conquest
Starting age
Dark Age
Ending age
Imperial Age
RankedLock teamsTeams togetherTeam positionsShared explorationLock speedFull tech treeHidden civsTurbo modeCheats
Victory
Defeat
🇩🇪 Danes · Germany
1176
+11
🇩🇪 Japanese · Germany
874
+23
🇷🇸 Japanese · Serbia
1071
-18
🇫🇷 Tatars · France
1027
-16
massimo_oddo
5:17 Loom
13:25 Feudal Age
17:36 Castle Age
15:40 Fishing Lines
17:33 Scale Mail Armor
17:20 Double-Bit Axe
17:17 Horse Collar
17:29 Gold Mining
18:29 Bow Saw
23:06 Forging
24:23 Gambesons
26:54 Wheelbarrow
26:08 Town Watch
28:53 Chain Mail Armor
29:41 Squires
30:07 Arson
30:23 Gillnets
31:35 Heavy Plow
32:19 Iron Casting
38:39 Imperial Age
38:45 Elite Varangian Guard
Cashflow21
5:03 Loom
5:08 Loom
13:21 Feudal Age
23:44 Castle Age
23:11 Scale Mail Armor
23:21 Forging
23:51 Wheelbarrow
23:05 Double-Bit Axe
23:37 Stone Mining
25:44 Fletching
34:12 Crossbowman
35:11 Bodkin Arrow
36:11 Thumb Ring
Titou
8:16 Loom
14:11 Feudal Age
15:35 Double-Bit Axe
15:54 Fishing Lines
17:00 Fletching
17:42 Forging
17:24 Man-at-Arms
18:10 Scale Mail Armor
19:46 Horse Collar
22:35 Padded Archer Armor
26:31 Castle Age
25:24 Gold Mining
26:20 Bloodlines
27:35 Husbandry
31:55 Ballistics
38:38 Wheelbarrow
Smiley
5:27 Loom
14:37 Feudal Age
14:48 Man-at-Arms
15:14 Arson
18:08 Wheelbarrow
17:51 Gold Mining
17:48 Double-Bit Axe
22:17 Castle Age
20:51 Scale Mail Armor
20:43 Fletching
21:44 Stone Mining
25:55 Hand Cart
26:32 Gambesons
26:48 Horse Collar
32:36 Forging
34:01 Chain Mail Armor
35:24 Squires
Connection lost

Rejoining the realm…

Still unreachable

The connection could not be restored.

Session expired

The server has moved on; the page needs a fresh start.